 Dungeon Crawl Stone Soup version 0.27.1 (webtiles) character file.

Game seed: 8905233604353061544

52 MajorAdolf the Sneak (level 3, -1/36 HPs)
             Began as a Naga Wanderer on Aug 27, 2021.
             Killed by divine providence
             ... invoked by an orc priest
              (7 damage)
             ... on level 3 of the Dungeon.
             The game lasted 00:01:47 (1828 turns).

MajorAdolf the Sneak (Naga Wanderer)                Turns: 1828, Time: 00:01:48

Health: -1/36      AC:  2    Str: 12    XL:     3   Next: 85%
Magic:  3/3        EV:  9    Int: 14    God:
Gold:   57         SH:  0    Dex: 11    Spells: 2/2 levels left

rFire    . . .     SeeInvis +   l - +2 dagger (venom)
rCold    . . .     Faith    .   (no shield)
rNeg     . . .     Spirit   .   e - +0 robe
rPois    +         Reflect  .   (no helmet)
rElec    .         Harm     .   (no cloak)
rCorr    .         Rampage  .   (no gloves)
Will     .....                  (no barding)
Stlth    +++.......             (no amulet)
HPRegen  0.12/turn              (no ring)
MPRegen  0.08/turn              (no ring)

@: very slow
A: AC +1, large, see invisible, deformed body, poison resistance, slowness 2,
spit poison 1, naga tail 1
a: Spit Poison


You were on level 3 of the Dungeon.
You visited 1 branch of the dungeon, and saw 3 of its levels.

You collected 57 gold pieces.

Inventory:

Hand Weapons
 a - a +2 dagger
 c - a +0 spear
 l - a +2 dagger of venom (weapon)
Missiles
 k - a throwing net
Armour
 e - a +0 robe (worn)
Jewellery
 f - a ring of ice
Scrolls
 b - a scroll of blinking
 i - a scroll of noise {unknown}
Potions
 d - 2 potions of lignification
 g - a potion of attraction {unknown}
 h - a potion of mutation {unknown}
 j - a potion of resistance {unknown}


   Skills:
 + Level 3.8 Fighting
 - Level 3.0 Polearms
 - Level 1.0 Throwing
 - Level 1.0 Dodging
 - Level 4.7 Stealth


You had 2 spell levels left.
You didn't know any spells.
Your spell library was empty.

Dungeon Overview and Level Annotations

Branches:
Dungeon (3/15)

Altars:

Annotations:
D:1 exclusion: downstairs
D:2 Terence


Innate Abilities, Weirdness & Mutations

Your serpentine skin is tough. (AC +1)
You have supernaturally acute eyesight. (SInv)
Armour fits poorly on your strangely shaped body.
Your system is resistant to poisons. (rPois)
You cover ground very slowly.
You can spit poison.
You have a snake-like lower body.


Message History

Things that are here:
a +0 ring mail; an orc corpse You closely miss the orc.
The orc priest shouts!
The orc hits you with a +0 club.
You barely miss the orc. The orc hits you with a +0 club.
The orc hits you with a +0 club.
You hit the orc.
The orc is lightly wounded.
The orc closely misses you.
You barely miss the orc.
The orc is lightly wounded.
The orc hits you but does no damage.
You barely miss the orc.
The orc is lightly wounded.
The orc hits you with a +0 club.
You closely miss the orc.
The orc is lightly wounded.
The orc priest hits you with a +0 flail!
The orc hits you with a +0 club.
The orc hits the plant with a +0 club.
The plant begins to die.
You hit the orc priest but do no damage.
The orc priest is poisoned.
You hit the orc priest but do no damage.
The orc priest is lightly wounded.
The orc hits you but does no damage. The orc priest closely misses you.
You hit the orc.
The orc is poisoned.
The orc is severely wounded.
The orc hits you but does no damage.
The orc priest hits you with a +0 flail.
Unknown command.
A nearby plant withers and dies.
You kill the orc!
The orc priest barely misses you.
The orc priest hits you with a +0 flail!
* * * LOW HITPOINT WARNING * * *
Unknown command.
The orc priest calls down the wrath of Beogh upon you.
Beogh smites you!
You die...

. ######### o. ######...)...#
...#.P..[.....o.##############.
.>......P...P##.@..............
.........####PP...##...#######.
. ..)...###....P....##..†# ..
....###
....PP≈...##...#######..# ...#
#.P.P.....##.........[#r# ...
..⌠⌠....#######.......... ..
.P⌠..P........'.........# .
#...P..########.......# .


P.P.P #. #.......#.. You could see an orc priest (poisoned).

Vanquished Creatures
  3 adders
  3 orcs (D:3)
  A ball python (D:1)
  4 bats
  2 endoplasms
  2 giant cockroaches
  3 goblins
  2 kobolds (D:2)
  3 rats
23 creatures vanquished.

Vanquished Creatures (others)
  A fungus (D:3)
  4 plants (D:3)
5 creatures vanquished.

Grand Total: 28 creatures vanquished

Notes
Turn   | Place    | Note
-------+----------+-------------------------------------------
     0 | D:1      | MajorAdolf the Naga Wanderer began the quest for the Orb.
     0 | D:1      | MajorAdolf set off with the following items: a +2 dagger, a
                  | scroll of blinking, a +0 spear, a potion of lignification,
                  | a +0 robe
     0 | D:1      | Reached XP level 1. HP: 19/19 MP: 1/1
   531 | D:1      | Reached XP level 2. HP: 22/27 MP: 2/2
  1011 | D:2      | Noticed Terence
  1160 | D:3      | Reached XP level 3. HP: 34/34 MP: 3/3
  1828 | D:3      | Killed from afar by an orc priest

Illustrated notes

Levels and vault maps discovered:
D:1:      dpeg_arrival_concentric_ovals, layout_basic, st_stairs_6
D:2:      layout_rooms, basic_altar, uniq_terence
D:3:      layout_basic, shapermc_ecumenical_altar_mp_ritualfount, uniq_grinder,
          uniq_natasha

Skill      XL: |  1  2 |
---------------+-------+-----
Fighting       | 3 |  3.8
Polearms       | |  3.0
Throwing       | |  1.0
Dodging        | |  1.0
Stealth        | |  4.7

Action                   || total
-------------------------++-------
Melee: Dagger            ||    44
 Abil: Spit Poison       ||    16
 Stab: Sleeping          ||     5
Armor: Robe              ||     9
Dodge: Dodged            ||    19
